cohdb
Replays
Latest Replays
All Replays
Popular Replays
Top Player Replays
Match Explorer
How It Works
Community
CoH3 Stats
Reddit
Sign in to upload your games and track your stats! →
Sign in with Steam
Match 42683127
Unlisted
Match 42683127
Overview
Messages
Build Orders
End
Construct Section Command Post
Infantry Section
Dingo Light Scout Car
Vickers Machine Gun Team
Construct Platoon Command Post
Selects Air and Sea Battlegroup
Selects Air and Sea Battlegroup
Humber Armored Car
Royal Engineer Section
Selects Commando Section Paradrop
Commando Section Paradrop
Construct Field Infirmary
Grenade Package
6-pounder Anti-tank Gun Team
Commando Section Paradrop
Construct Company Command Post
Unlock M3 Grant Medium Tanks
M3 Grant Medium Tank
M3 Grant Medium Tank
Tang Dynasty
Abeli
Svedin
Skrotdu
0
0
Comments
sign in to comment!
No comments posted yet!